 Dungeon Crawl Stone Soup version 0.24.0 (webtiles) character file.

Game seed: 4584673597135800220, levelgen mode: deterministic

156 Mrkan the Slasher (level 5, -1/33 HPs)
             Began as a Tengu Fighter on Oct 25, 2019.
             Slain by a goblin
             ... wielding a +0 dagger
             ... led by Robin
              (3 damage)
             ... on level 3 of the Dungeon.
             The game lasted 00:03:38 (2321 turns).

Mrkan the Slasher (Tengu Fighter)                   Turns: 2321, Time: 00:03:39

Health: -1/33      AC:  6    Str: 23    XL:     5   Next: 38%
Magic:  6/6        EV:  7    Int:  8    God:
Gold:   176        SH: 10    Dex: 13    Spells: 4/4 levels left

rFire    . . .     SeeInvis .   a - +0 long sword
rCold    . . .     Gourm    .   c - +0 shield
rNeg     . . .     Faith    .   b - +0 scale mail
rPois    .         Spirit   .   (helmet restricted)
rElec    .         Reflect  .   (no cloak)
rCorr    .         Harm     .   (no gloves)
MR       .....                  (boots unavailable)
Stlth    ..........             (no amulet)
HPRegen  0.11/turn              (no ring)
MPRegen  0.10/turn              (no ring)

@: mighty
A: beak, talons 3, able to fly
a: Fly


You were on level 3 of the Dungeon.
You were not hungry.

You visited 1 branch of the dungeon, and saw 3 of its levels.

You collected 176 gold pieces.

Inventory:

Hand Weapons
 a - a +0 long sword (weapon)
Missiles
 m - 83 stones (quivered)
Armour
 b - a +0 scale mail (worn)
 c - a +0 shield (worn)
Jewellery
 n - an uncursed ring of magical power {unknown}
 r - a cursed -3 ring of strength {unknown}
Scrolls
 e - a scroll of teleportation {unknown}
 g - 2 scrolls of immolation {unknown}
 h - 3 scrolls of enchant armour {unknown}
 i - 4 scrolls of identify {unknown}
 k - 4 scrolls of amnesia {unknown}
 l - a scroll of random uselessness {unknown}
Potions
 j - 3 potions of agility {unknown}
 o - 4 potions of degeneration {unknown}
 p - a potion of curing {unknown}
 q - a potion of flight {unknown}
Comestibles
 f - 7 rations
 s - 3 chunks of flesh


   Skills:
 + Level 3.9 Fighting
 * Level 4.4 Long Blades
 - Level 3.2 Armour
 + Level 3.9 Shields


You had 4 spell levels left.
You didn't know any spells.
Your spell library was empty.

Dungeon Overview and Level Annotations

Branches:
Dungeon (3/15)

Altars:
Zin
The Shining One

Shops:
D:2 *

Annotations:
D:3 1 transporter


Innate Abilities, Weirdness & Mutations

You have a beak for a mouth.
You have claws for feet.
You can fly continuously.


Message History

Robin closely misses you.
You riposte.
You completely miss Robin. You peck Robin.
Robin is lightly wounded.
The goblin hits you.
* * * LOW HITPOINT WARNING * * *
The goblin closely misses you.
You feel very mighty all of a sudden.
The goblin no longer looks unusually strong.
The goblin closely misses you. Robin barely misses you.
The goblin hits you but does no damage. x2
You hit Robin.
Robin is heavily wounded.
The goblin hits you but does no damage. Robin hits you with a +0 dagger.
* * * LOW HITPOINT WARNING * * *
The goblin hits you but does no damage. x2
You hit Robin. You claw Robin.
You kill Robin!
The goblin hits you but does no damage. You block the goblin's attack.
The goblin hits you but does no damage. The goblin hits you with a +0 dagger.
You die...

#..###..#
#........... #..#
#..#
#..รท....###.
#..#....#
#.......# #.
+....>..#
#.......# #.
#..#.##.#
#.......# ##
.......#
######### ##
#....# ###.
##.####g.######
#...
#....r@gg.....#
#.##
.....###g#####.#
#.## ...
#.#####.######...
#
#..............#.
#.#####.#########
#.......#
#########


You could see 4 goblins and a rat.

Vanquished Creatures
  A crimson imp (D:3)
  Robin (D:3)
  An adder (D:2)
  2 oozes (D:1)
  3 worms
  4 dart slugs (D:1)
  2 leopard geckos
  An orc (D:3)
  5 bats
  3 giant cockroaches
  17 hobgoblins
  3 jackals (D:1)
  10 kobolds
  A frilled lizard (D:1)
  9 goblins
  7 rats
70 creatures vanquished.

Notes
Turn   | Place    | Note
-------+----------+-------------------------------------------
     0 | D:1      | Mrkan the Tengu Fighter began the quest for the Orb.
     0 | D:1      | Reached XP level 1. HP: 14/14 MP: 2/2
    10 | D:1      | Reached XP level 2. HP: 14/19 MP: 3/3
    81 | D:1      | Reached skill level 3 in Long Blades
   130 | D:1      | Reached XP level 3. HP: 23/23 MP: 4/4
  1119 | D:2      | Reached XP level 4. HP: 26/28 MP: 5/5
  1486 | D:2      | Found Zin's Purification Station.
  1494 | D:2      | Found a glowing silver altar of Zin.
  1872 | D:3      | Found a glowing golden altar of the Shining One.
  1882 | D:3      | Noticed an ogre
  1884 | D:3      | Found a transporter.
  1966 | D:3      | Reached skill level 4 in Long Blades
  1966 | D:3      | Gained mutation: You can fly continuously. [Tengu growth]
  1966 | D:3      | Reached XP level 5. HP: 30/33 MP: 6/6
  2300 | D:3      | Noticed Robin
  2321 | D:3      | Killed Robin
  2321 | D:3      | Slain by a goblin

Levels and vault maps discovered:
D:1:      minmay_arrival_glassed_features, layout_basic
D:2:      layout_loops_corners, zin_purify, first_ration
D:3:      layout_loops_cross, grunt_temple_overflow_open,
          gammafunk_temple_overflow_arena, chequers_serial_rivers_room_b,
          minmay_fountain_box, minmay_curled_crystal, minmay_quadrilaterals,
          uniq_robin
